AoeStats
← Alexspiration

Lombardia

508292486Analyzed
4v4 RM · 12d ago on Sep 21, 2026· 21m 16s· 8 players
Game mode
Random Map
Map size
Large (8 player)
Population
200
Speed
Normal
Resources
Standard
Victory
Conquest
Starting age
Dark Age
Ending age
Imperial Age
RankedLock teamsTeams togetherTeam positionsShared explorationLock speedFull tech treeHidden civsTurbo modeCheats
Victory
Defeat
🇩🇪 Saracens · Germany
1523
+10
🇮🇳 Mongols · India
1476
+12
🇨🇳 Cumans · China
1444
+13
🇺🇸 Persians · United States
1418
+15
🇺🇸 Burgundians · United States
1570
-19
🇲🇽 Georgians · Mexico
1362
-12
🇧🇷 Mongols · Brazil
1321
-10
🇺🇾 Berbers · Uruguay
1302
-9
Alexspiration
6:28 Loom
9:25 Feudal Age
10:54 Double-Bit Axe
13:17 Fletching
18:08 Horse Collar
18:55 Town Watch
22:47 Castle Age
21:00 Padded Archer Armor
Leo713
8:29 Feudal Age
9:42 Double-Bit Axe
11:30 Loom
14:11 Town Watch
14:38 Scale Barding Armor
16:25 Horse Collar
19:10 Wheelbarrow
22:25 Castle Age
20:57 Gold Mining
木薯大王
9:02 Feudal Age
9:45 Double-Bit Axe
9:42 Horse Collar
16:52 Gold Mining
20:50 Castle Age
20:00 Wheelbarrow
20:11 Scale Barding Armor
20:29 Forging
The Sage
9:03 Loom
10:59 Feudal Age
15:15 Castle Age
13:49 Double-Bit Axe
13:45 Horse Collar
16:07 Heavy Plow
骑猪射箭
10:37 Feudal Age
10:16 Loom
10:18 Double-Bit Axe
12:47 Horse Collar
19:54 Scale Barding Armor
.|.
6:42 Loom
9:28 Feudal Age
15:16 Castle Age
13:48 Double-Bit Axe
16:12 Scale Barding Armor
flinT
10:59 Feudal Age
12:12 Loom
14:57 Castle Age
13:29 Horse Collar
13:36 Double-Bit Axe
16:12 Gold Mining
16:41 Bow Saw
17:07 Fletching
19:12 Bodkin Arrow
[LdS]Nestoter
7:24 Loom
10:39 Feudal Age
14:48 Castle Age
15:31 Double-Bit Axe
Connection lost

Rejoining the realm…

Still unreachable

The connection could not be restored.

Session expired

The server has moved on; the page needs a fresh start.